 Dungeon Crawl Stone Soup version 0.25-a0-166-g16436c4407 (webtiles) character file.

Game seed: 6247490985494570913, levelgen mode: deterministic

670 Jannitor the Skirmisher (level 7, -4/66 HPs)
             Began as a Gargoyle Berserker on Nov 24, 2019.
             Was a Believer of Trog.
             Slain by Menkaure (5 damage)
             ... on level 4 of the Dungeon.
             The game lasted 00:05:38 (2994 turns).

Jannitor the Skirmisher (Gargoyle Berserker)        Turns: 2994, Time: 00:05:39

Health: -4/66      AC: 10    Str: 26    XL:     7   Next: 58%
Magic:  7/7        EV: 13    Int: 12    God:    Trog [**....]
Gold:   225        SH:  0    Dex: 11    Spells: 6/6 levels left

rFire    . . .     SeeInvis .   n - +1 flail (holy)
rCold    . . .     Gourm    .   (no shield)
rNeg     + . .     Faith    .   b - +1 animal skin
rPois    ∞         Spirit   .   a - +0 helmet
rElec    +         Reflect  .   (no cloak)
rCorr    .         Harm     .   (no gloves)
MR       ++...                  p - +0 pair of boots
Stlth    ..........             (no amulet)
HPRegen  1.21/turn              (no ring)
MPRegen  0.10/turn              (no ring)

@: brilliant, berserking, regenerating, very quick
A: negative energy resistance 1, electricity resistance, unbreathing,
petrification resistance, rot immunity, AC +4
a: Berserk, Trog's Hand, Renounce Religion


You were on level 4 of the Dungeon.
You worshipped Trog.
Trog was pleased with you.
You were near starving.

You visited 1 branch of the dungeon, and saw 4 of its levels.

You collected 225 gold pieces.

Inventory:

Hand Weapons
 n - a +1 flail of holy wrath (weapon)
Missiles
 d - 8 atropa-tipped darts (quivered)
Armour
 a - a +0 helmet (worn)
 b - a +1 animal skin (worn)
 p - a +0 pair of boots (worn)
Wands
 i - a wand of flame (21)
Scrolls
 e - a scroll of amnesia {unknown}
 f - a scroll of fog
 k - a scroll of teleportation {unknown}
 l - 6 scrolls of identify {unknown}
 m - a scroll of remove curse
 q - a scroll of immolation {unknown}
 r - a scroll of enchant weapon {unknown}
Potions
 g - a potion of degeneration {unknown}
 h - 2 potions of curing
 s - a potion of cancellation
Comestibles
 c - 8 rations
 t - 9 chunks of flesh


   Skills:
 + Level 5.5 Fighting
 + Level 4.9 Maces & Flails
 + Level 4.8 Armour
 + Level 3.6 Dodging


You had 6 spell levels left.
You didn't know any spells.
Your spell library was empty.

Dungeon Overview and Level Annotations

Branches:
Dungeon (4/15)
 Temple: D:4-7

Altars:
Yredelemnul

Annotations:
D:4 Menkaure


Innate Abilities, Weirdness & Mutations

You are resistant to torment.
Your stone body is resilient. (AC +4)
You are immune to poison.
You resist negative energy. (rN+)
You are resistant to electric shocks. (rElec)
You can survive without breathing.
You are immune to petrification.
You are immune to rotting.


Message History

Unknown command.
A red film seems to cover your vision as you go berserk!
You feel yourself moving faster!
You feel mighty!
You are near starving!
Menkaure misses you.
You barely miss Menkaure. Menkaure hits you!
* * * LOW HITPOINT WARNING * * *
You thump Menkaure!
Menkaure convulses!
Menkaure is severely damaged.
Menkaure calls on the powers of darkness!
You feel a surge of unholy energy.
The orc wizard convulses!
The orc priest convulses!
The orc wizard closely misses you.
You barely miss Menkaure.
Menkaure is severely damaged.
The orc wizard points at you and mumbles some strange words.
The magic dart hits you.
* * * LOW HITPOINT WARNING * * *
Menkaure grins.
Menkaure hits you.
You die...

.....# ......### ######
.......g##### #....######
......#..a..# ###.##.#....#
....>...###@####...##.#.>..#
.....##.###................#
.... #...####)####..#.....#
... ###..###o###..##.....#
.. .......gM@o...#.....#
...## ###...####..#...#####
.#.). #...## #.###..####
..... ##...###)###.....##
#..... #.o#..##)÷)..###..###
#.# #.###.###...).####
##...# #.# #.....# ##....#
###...# #.# ###..## #..###
#... ##.#####..#####..######
..


You could see Menkaure, an orc priest, an orc wizard and a goblin.

Vanquished Creatures
  Sigmund (D:2)
  Edmund (D:4)
  An ogre (D:4)
  A scorpion (D:4)
  A bullfrog skeleton (D:4)
  An iguana (D:4)
  A worker ant (D:4)
  A hound skeleton (D:4)
  Robin (D:4)
  7 adders
  A shadow imp (D:2)
  3 oozes
  2 worms
  A dart slug (D:1)
  2 leopard geckos (D:3)
  An orc (D:3)
  6 giant cockroaches
  13 goblins
  9 hobgoblins
  11 jackals
  10 bats
  3 frilled lizards
  6 kobolds
  8 rats
92 creatures vanquished.

Vanquished Creatures (others)
  A hobgoblin (D:1)
1 creature vanquished.

Grand Total: 93 creatures vanquished

Notes
Turn   | Place    | Note
-------+----------+-------------------------------------------
     0 | D:1      | Jannitor the Gargoyle Berserker began the quest for the
                  | Orb.
     0 | D:1      | Reached XP level 1. HP: 14/14 MP: 1/1
   165 | D:1      | Reached XP level 2. HP: 19/19 MP: 2/2
   585 | D:1      | Reached ** piety under Trog
   585 | D:1      | Reached XP level 3. HP: 19/23 MP: 3/3
  1416 | D:2      | Reached XP level 4. HP: 25/29 MP: 4/4
  1516 | D:2      | Noticed Sigmund
  1530 | D:2      | Killed Sigmund
  1530 | D:2      | Reached skill level 4 in Fighting
  1530 | D:2      | Reached XP level 5. HP: 34/34 MP: 5/5
  1632 | D:2      | Reached XP level 6. HP: 31/39 MP: 6/6
  1705 | D:2      | Found a basalt altar of Yredelemnul.
  2619 | D:4      | Reached skill level 5 in Fighting
  2743 | D:4      | Reached *** piety under Trog
  2777 | D:4      | Noticed Robin
  2783 | D:4      | Reached XP level 7. HP: 42/44 MP: 7/7
  2793 | D:4      | Killed Robin
  2922 | D:4      | Noticed Edmund
  2925 | D:4      | Noticed Menkaure
  2969 | D:4      | Killed Edmund
  2994 | D:4      | HP: 1/66 [orc wizard/magic dart (5)]
  2994 | D:4      | Slain by Menkaure

Levels and vault maps discovered:
D:1:      erik_arrival_gehennom, layout_basic, serial_bayou_lagoon_a,
          lemuel_another_geyser
D:2:      layout_rooms, yredelemnul_altar_generic,
          chequers_serial_rivers_micro_d, uniq_sigmund
D:3:      layout_basic, kennysheep_minor_cross
D:4:      layout_rooms, first_ration, grunt_dithmenos_smoke, uniq_edmund,
          uniq_menkaure, uniq_robin

Skill      XL: |  1  2  3  4  5  6 |
---------------+-------------------+-----
Dodging        | 2 3 |  3.6
Armour         | 3 4 |  4.8
Fighting       | 4 5 |  5.5
Maces & Flails | 4 |  4.9

Action                   |  1- 3 |  4- 6 |  7- 9 || total
-------------------------+-------+-------+-------++-------
Melee: Mace              |    96 |    35 |       ||   131
       Flail             |       |   123 |    67 ||   190
Throw: Dart              |       |       |     2 ||     2
Invok: Berserk           |     1 |     1 |     2 ||     4
       Trog's Hand       |       |     1 |     4 ||     5
Evoke: Wand              |       |       |     4 ||     4
  Use: Scroll            |     1 |     2 |       ||     3
       Potion            |       |       |     5 ||     5
 Stab: Sleeping          |     2 |     2 |       ||     4
       Invisible         |       |       |     1 ||     1
  Eat: Chunk             |     2 |     6 |     2 ||    10
Armor: Animal skin       |    21 |    70 |    26 ||   117
Dodge: Dodged            |    63 |   149 |    38 ||   250

Table legend:
 A = Non-vault XP
 B = Vault XP
 C = Vault XP percentage of total XP
 D = Non-vault monster count
 E = Vault monster count
 F = Vault count percentage of total count
                 A         B        C        D         E       F
            +---------+---------+-------+---------+---------+-------
      Total |     543 |     415 |  43.3 |      74 |      18 |  19.6
            +---------+---------+-------+---------+---------+-------
        D:1 |      36 |      18 |  33.3 |      20 |       5 |  20.0
        D:2 |      64 |     205 |  76.2 |      15 |       1 |   6.2
        D:3 |      92 |       0 |   0.0 |      30 |       0 |   0.0
        D:4 |     351 |     192 |  35.4 |       9 |      12 |  57.1
            +---------+---------+-------+---------+---------+-------
